 Dungeon Crawl Stone Soup version 0.29.0-4-gdea44cf6ec (webtiles) character file.

Game seed: 5832855985143671068

98 qw the Chopper (level 4, -3/26 HPs)
             Began as a Tengu Warper on Aug 28, 2022.
             Slain by an adder (4 damage)
             ... on level 4 of the Dungeon.
             The game lasted 00:00:17 (3432 turns).

qw the Chopper (Tengu Warper)                       Turns: 3432, Time: 00:00:18

Health: -3/26      AC:  3    Str: 13    XL:     4   Next: 71%
Magic:  8/8        EV: 12    Int: 14    God:
Gold:   90         SH:  0    Dex: 13    Spells: 7/7 levels left

rFire   . . .      SeeInvis .   Y - +0 war axe
rCold   . . .      Faith    .   (no shield)
rNeg    . . .      Spirit   .   b - +0 leather armour
rPois   .          Reflect  .   (helmet restricted)
rElec   .          Harm     .   (no cloak)
rCorr   .          Rampage  .   (no gloves)
Will    +....                   (boots unavailable)
Stlth   +.........              e - amulet of regeneration
HPRegen 0.88/turn               i - ring of willpower
MPRegen 0.11/turn               (no ring)

@: lethally poisoned (-3 -> -5)
A: beak, talons 3
a: no special abilities


You were on level 4 of the Dungeon.
You visited 1 branch of the dungeon, and saw 4 of its levels.

You collected 198 gold pieces.
You spent 108 gold pieces at shops.


Innate Abilities, Weirdness & Mutations

You have a beak for a mouth.
You have claws for feet.


   Skills:
 - Level 2.0 Fighting
 + Level 5.2 Axes
 - Level 1.0 Throwing
 - Level 1.1 Armour
 - Level 2.1 Dodging
 - Level 2.0 Spellcasting
 - Level 2.4 Translocations


You had 7 spell levels left.
You didn't know any spells.
Your spell library contained the following spells:

 Spells                   Type           Power      Damage    Failure   Level
 Blink                    Tloc           16%        N/A       17%         2
 Gell's Gravitas          Tloc           8%         N/A       34%         3
 Lesser Beckoning         Tloc           8%         N/A       34%         3
 Teleport Other           Tloc           8%         N/A       34%         3
 Manifold Assault         Tloc           8%         N/A       97%         5

Inventory:

Hand Weapons
 d - a +0 club
 Y - a +0 war axe (weapon)
Armour
 b - a +0 leather armour (worn)
Jewellery
 e - an amulet of regeneration (around neck)
 h - a ring of fire
 i - a ring of willpower (left hand)
Scrolls
 a - 2 scrolls of identify
 c - a scroll of poison {unknown}
Potions
 f - a potion of curing

Dungeon Overview and Level Annotations

Branches:
Dungeon (4/15)
 Temple: D:4-7

Altars:
Nemelex Xobeh

Shops:
D:3 (


Message History

The orc wizard closely misses you. The adder closely misses you.
You barely miss the orc wizard. You claw the orc wizard.
Your peck misses the orc wizard.
The orc wizard is severely wounded.
You miss the adder. The adder barely misses you.
The orc wizard hits you but does no damage.
The adder bites you but does no damage.
The orc wizard hits you but does no damage.
You hit the orc wizard but do no damage.
You peck the orc wizard, but do no damage.
The orc wizard is severely wounded.
You barely miss the adder. The adder bites you.
The orc wizard casts a spell at you. The magic dart hits you.
You completely miss the orc wizard. Your kick misses the orc wizard.
The orc wizard is severely wounded.
You closely miss the adder. The adder barely misses you. The adder misses you.
The orc wizard hits you but does no damage.
You barely miss the orc wizard.
The orc wizard is severely wounded.
You barely miss the adder. The adder misses you.
The orc wizard hits you with a +0 dagger.
The adder bites you.
You are poisoned.
The adder poisons you!
You slash the orc wizard!
You kill the orc wizard!
You slash the adder!
You feel sick. The adder bites you.
You are lethally poisoned!
The adder poisons you!
Your Axes skill increases to level 5!
You barely miss the adder. Your peck misses the adder.
The adder is severely wounded.
You feel sick. The adder bites you.
You die...

.. .# . .####.
###.#... #.....#
#.#...#.#.
#######.#)......
#.......@)....#
#.#####.#S#.###
#.# #[#g.. #.#
#.#..... #.#
#.#....... #.#
#.#....... #.#
#.#.....#. #.#
#.#####.. #.#
..#


You could see an adder and a goblin.

Vanquished Creatures
  An orc wizard (D:4)
  3 worms
  2 orcs (D:4)
  3 endoplasms
  2 giant cockroaches
  9 hobgoblins
  4 jackals (D:1)
  5 kobolds
  3 quokkas
  9 ball pythons
  4 bats
  4 frilled lizards
  6 goblins
  5 rats
60 creatures vanquished.

Notes
Turn   | Place    | Note
-------+----------+-------------------------------------------
     0 | D:1      | qw the Tengu Warper began the quest for the Orb.
     0 | D:1      | Reached XP level 1. HP: 12/12 MP: 4/4
     0 | D:1      | 0 ||| qw: Version: 0.1-a-89-g26bdef1
     0 | D:1      | 0 ||| qw: Game counter: 16
     0 | D:1      | 0 ||| qw: Always use a shield: true
     0 | D:1      | 0 ||| qw: God list: Okawaru
     0 | D:1      | 0 ||| qw: Allow faded altars: false
     0 | D:1      | 0 ||| qw: Do Orc after D:15 true
     0 | D:1      | 0 ||| qw: Do second Lair branch before Depths: true
     0 | D:1      | 0 ||| qw: Lair rune preference: random
     0 | D:1      | 0 ||| qw: Plans: Normal
     0 | D:1      | 0 ||| PLANNING D:1-11
   235 | D:1      | HP: 3/12 [frozen (5)]
   240 | D:1      | Reached XP level 2. HP: 5/17 MP: 6/6
   487 | D:1      | Reached skill level 3 in Axes
  1119 | D:1      | Reached XP level 3. HP: 21/21 MP: 7/7
  1289 | D:1      | 1289 ||| Stepping ~*~*~tactically~*~*~ (stealth).
  1342 | D:1      | Found a faded altar of an unknown god.
  1396 | D:1      | 1396 ||| UPGRADING to ring of willpower.
  1397 | D:1      | 1397 ||| READING 2 scrolls labelled TOTEUC MIM HAO.
  1398 | D:1      | 1398 ||| READING scroll labelled FIUBYETYMYIMO.
  1399 | D:1      | 1399 ||| READING scroll labelled ATSUHU KILYLYD.
  1400 | D:1      | 1400 ||| DROPPING scroll of blinking.
  1449 | D:2      | Reached skill level 4 in Axes
  1791 | D:2      | Found a sparkling altar of Nemelex Xobeh.
  2343 | D:2      | 2343 ||| READING scroll labelled TOTASEDUEF.
  2344 | D:2      | 2344 ||| READING 3 scrolls of identify.
  2344 | D:2      | 2344 ||| IDENTIFYING fizzy silvery potion
  2345 | D:2      | 2345 ||| DROPPING potion of degeneration.
  2579 | D:3      | Found Gutzonn's Antique Weapon Shop.
  2587 | D:3      | 2587 ||| BUYING war axe (108 gold).
  2587 | D:3      | Bought a war axe for 108 gold pieces
  2587 | D:3      | 2587 ||| SHOPLISTING whip (77 gold, have 43).
  2587 | D:3      | 2587 ||| SWAPPING to +0 war axe.
  2588 | D:3      | 2588 ||| DROPPING +0 hand axe.
  2665 | D:3      | 2665 ||| Stepping ~*~*~tactically~*~*~ (stealth).
  2812 | D:3      | Reached XP level 4. HP: 24/26 MP: 8/8
  2950 | D:3      | 2950 ||| Stepping ~*~*~tactically~*~*~ (stealth).
  2955 | D:3      | 2955 ||| Stepping ~*~*~tactically~*~*~ (stealth).
  2958 | D:3      | 2958 ||| Stepping ~*~*~tactically~*~*~ (stealth).
  3019 | D:3      | 3019 ||| Stepping ~*~*~tactically~*~*~ (stealth).
  3053 | D:3      | 3053 ||| Stepping ~*~*~tactically~*~*~ (stealth).
  3376 | D:3      | 3376 ||| UPGRADING to amulet of regeneration.
  3381 | D:3      | 3381 ||| READING scroll labelled KUXALA CAB PES.
  3384 | D:3      | 3384 ||| DRINKING 2 red potions.
  3413 | D:4      | 3413 ||| Stepping ~*~*~tactically~*~*~ (stealth).
  3415 | D:4      | 3415 ||| Stepping ~*~*~tactically~*~*~ (hiding).
  3428 | D:4      | HP: 6/26 [orc wizard/magic dart (6)]
  3431 | D:4      | HP: 2/26 [adder (1)]
  3432 | D:4      | Reached skill level 5 in Axes
  3432 | D:4      | Slain by an adder

Levels and vault maps discovered:
D:1:      lightli_arrival_isolated_outpost, layout_basic,
          dilly_ecumenical_altar_fadedgnrine, corner_web_ring
D:2:      layout_basic, basic_altar
D:3:      layout_loops_cross, serial_shops, shop
D:4:      layout_loops_ring, st_stairs_11,
          nicolae_concentric_dashed_squares_mild, minmay_vboxes, uniq_natasha

Skill      XL: |  1  2  3  4 |
---------------+-------------+-----
Axes           | 3 4 5 |  5.2
Fighting       | |  2.0
Throwing       | |  1.0
Armour         | |  1.1
Dodging        | |  2.1
Spellcasting   | |  2.0
Translocations | |  2.4

Action                   |  1- 3 |  4- 6 || total
-------------------------+-------+-------++-------
Melee: Hand axe          |   100 |       ||   100
       Kick              |    22 |    11 ||    33
       Peck              |    14 |     4 ||    18
       War axe           |    12 |    42 ||    54
Throw: Boomerang         |     7 |       ||     7
  Use: Scroll            |     5 |     1 ||     6
       Potion            |       |     1 ||     1
Armor: Leather armour    |    20 |     9 ||    29
Dodge: Dodged            |    77 |    34 ||   111

Table legend:
 A = Non-vault XP
 B = Vault XP
 C = Vault XP percentage of total XP
 D = Non-vault monster count
 E = Vault monster count
 F = Vault count percentage of total count
                 A         B        C        D         E       F
            +---------+---------+-------+---------+---------+-------
      Total |     141 |       0 |   0.0 |      60 |       0 |   0.0
            +---------+---------+-------+---------+---------+-------
        D:1 |      43 |       0 |   0.0 |      27 |       0 |   0.0
        D:2 |      21 |       0 |   0.0 |       9 |       0 |   0.0
        D:3 |      36 |       0 |   0.0 |      20 |       0 |   0.0
        D:4 |      41 |       0 |   0.0 |       4 |       0 |   0.0
            +---------+---------+-------+---------+---------+-------
